Unix NetHack Version 5.0.0-0 post-release - last build May 22 2026 02:22:16 (99d1c3b6dc4b13757aaa5824b55bdea4e1e63757,branch:main).

Game began 2026-05-22 22:32:38, ended 2026-05-22 22:51:06.

IanCurtis, chaotic male elven Wizard

                                                           --------+-----
  ----------         -------                               |............|
  |........|         |.....|           ####################).....)......|
  |.........#        |.....-######%#####          ######## |........)...|
  |........|         |..|..|##                           ##........>....|
  - -----.--         -------##                             -----|--------
         #                 ##                                   #
      ####                  ##                                  #
      #                      ##                              ####
      #                       #                             #
    --|-----      ------------.---                          #
    |......|# ####.............[.|                         ##
    |..{....###   |.....[....o.).|                     ----.-------
    |*.....|   ###+............[.|                     |..........|
    |......-####  ----------------      --------    ###...........|
    --------                            |.<....-#######|..........|
                                        |......|      #|.......*..|
                                        |......|       +..........|
                                        --------       ------------

IanCurtis the Thaumaturge  St:8 Dx:18 Co:14 In:20 Wi:10 Ch:7  Chaotic
Dlvl:5  $:320 HP:0(39) Pw:51(51) AC:10 Xp:6 T:3396  Strained

Latest messages:
 In what direction? u
 The spell hits the giant bat!
 You kill the giant bat!
 Welcome to experience level 6.
 You see here a giant bat corpse.
 U - a giant bat corpse.
 The yellow light explodes!
 You are blinded by a blast of light!
 You try to feel what is here.
 What do you want to drop? [$a-kn-ryABEFIJLNOTU or ?*] U
 There is a giant bat corpse here; sacrifice it? [ynq] (n) y
 Your sacrifice is consumed in a burst of flame!
 You have a hopeful feeling.
 You are in full health.
 You feel full of energy.
 You can see again.
 You stop searching.
 You feel tough!
 You must have been leading a healthy life-style.
 What do you want to put on? [depA or ?*] ?
 Which ring-finger, Right or Left? [rl] r
 Gee!  All of a sudden, you can't see yourself.
 e - an uncursed ring of invisibility (on right hand).
 What do you want to put on? [dpA or ?*] d
 d - an uncursed +3 ring of increase damage (on left hand).
 The hill orc throws a crude dagger!
 You are hit by a crude dagger.
 A crude dagger lands on the altar.
 The hill orc strikes at thin air!
 The hill orc swings wildly and misses!
 You kill the hill orc!
 The hill orc picks up an iron skull cap.
 You hit the hill orc!
 The hill orc hits!
 You kill the hill orc!
 You have much trouble lifting a hill orc corpse.  Continue? [ynq] (q) y
 You have much trouble lifting V - a hill orc corpse.
 You stagger under your heavy load.  Movement is very hard.
 The hill orc wields a curved sword!
 The hill orc swings her curved sword.
 The hill orc hits!
 The hill orc swings her curved sword.
 The hill orc hits!
 The hill orc swings her curved sword.
 The hill orc hits!
 You don't have enough stamina to move.
 The hill orc swings her curved sword.
 The hill orc hits!
 You die...
 Do you want your possessions identified? [ynq] (y) q

Inventory:
 Coins    ('$')
  $ - 320 gold pieces
 Weapons  (')')
  a - the rustproof +0 Magicbane
  T - a blessed +1 quarterstaff (weapon in hands)
 Armor    ('[')
  F - an uncursed +4 orcish helm
  b - an uncursed burnt +0 cloak of magic resistance (being worn)
 Comestibles  ('%')
  E - 2 uncursed lembas wafers
  V - an uncursed hill orc corpse
 Scrolls  ('?')
  i - an uncursed scroll of blank paper
  O - an uncursed scroll of enchant weapon
  J - an uncursed scroll of light
  k - a blessed scroll of stinking cloud
  j - an uncursed scroll of teleportation
 Potions  ('!')
  q - a cursed potion of extra healing
  N - an uncursed potion of hallucination
  h - 2 uncursed potions of healing
  g - an uncursed potion of oil
  f - an uncursed potion of see invisible
  B - an uncursed potion of water
 Rings    ('=')
  p - an uncursed ring of conflict
  d - an uncursed +3 ring of increase damage (on left hand)
  e - an uncursed ring of invisibility (on right hand)
  A - an uncursed ring of sustain ability
 Wands    ('/')
  I - a wand of light (0:15)
  L - a wand of speed monster (0:5)
  c - a wand of striking (0:4)
  y - a wand of undead turning (0:4)
 Tools    ('(')
  r - an uncursed tooled horn
  o - an uncursed wooden harp
  n - a magic marker (0:20)

IanCurtis the Wizard's attributes:

Background:
 You were a Thaumaturge, a level 6 male elven Wizard.
 You were chaotic, on a mission for Anhur
 who was opposed by Ptah (lawful) and Thoth (neutral).
 You were right-handed.
 You were in the Dungeons of Doom, on level 5.
 You entered the dungeon 3396 turns ago.
 It was nighttime.
 You had 354 experience points, 286 more were needed to attain level 7.

Basics:
 You had 0 out of 39 hit points.
 You had all 51 energy points (spell power).
 Your armor class was 10.
 Your wallet contained 320 zorkmids.
 Autopickup was off.

Final Characteristics:
 Your strength was 8 (peak:10, limit:18).
 Your dexterity was 18 (limit:18).
 Your constitution was 14 (limit:16).
 Your intelligence was 20 (limit:20).
 Your wisdom was 10 (limit:20).
 Your charisma was 7 (limit:18).

Final Status:
 You weren't hungry.
 You were strained; movement was very slowed.
 You were wielding a quarterstaff.
 You had basic skill with quarterstaff.

Final Attributes:
 You were piously aligned.
 You were magic-protected.
 You were sleep resistant.
 You were poison resistant.
 You had infravision.
 You were invisible.
 You had a small damage bonus (+3).
 You were warded.
 You are dead.

Miscellaneous:
 You didn't encounter any bones levels.
 Total elapsed playing time was 18 minutes and 28 seconds.

Major events:
 Turn
    1: IanCurtis the chaotic male elven Wizard entered the dungeon
 1362: attained the rank of Conjurer (level 3)
 3109: was bestowed with Magicbane by Anhur
 3115: attained the rank of Thaumaturge (level 6)
 3396: killed by a hill orc

Spells:
 Name                 Level Category     Fail Retention
 force bolt             1   attack         0%   81%-90%
 create monster         2   clerical      15%  76%-100%
 magic missile          2   attack         0%  91%-100%

Skills:
 Fighting Skills
   bare handed combat [Unskilled]
   riding             [Unskilled]
 Weapon Skills
   dagger             [Unskilled]
   knife              [Unskilled]
   axe                [Unskilled]
   short sword        [Unskilled]
   club               [Unskilled]
   mace               [Unskilled]
   quarterstaff       [Basic]
   polearms           [Unskilled]
   spear              [Unskilled]
   trident            [Unskilled]
   sling              [Unskilled]
   dart               [Unskilled]
   shuriken           [Unskilled]
 Spellcasting Skills
   attack spells      [Basic]
   healing spells     [Unskilled]
   divination spells  [Unskilled]
   enchantment spells [Basic]
   clerical spells    [Unskilled]
   escape spells      [Unskilled]
   matter spells      [Unskilled]

Voluntary challenges:
 Character rerolling was not enabled.
 You never genocided any monsters.
 You never polymorphed an object.
 You never changed form.
 You used no wishes.
Achievements:
 You entered a shop.
 You attained the rank of Conjurer.
 You attained the rank of Thaumaturge.

 The Dungeons of Doom: levels 1 to 7
    Level 1:
       A grave.
    Level 2: "vault"
       An armor shop, an altar.
    Level 3:
       A scroll shop, a sink, a grave.
    Level 4:
       A fountain.
    Level 5: <- You were here.
       An altar to Anhur, a fountain, a grave.
       Final resting place for
          you, killed by a hill orc.
    Level 6:
       Some shops, a throne, a fountain.
    Level 7:
       Some fountains, many trees.


Vanquished creatures:
  a gnome ruler
  a housecat
  a blue jelly
  a gnome mummy
  2 bugbears
 an orc shaman
  a rock mole
  a yellow light
  a floating eye
  a kitten
  a dwarf
  a kobold leader
  a kobold shaman
  2 hill orcs
  2 giant bats
  2 dwarf zombies
  2 hobgoblins
  4 giant rats
  a cave spider
  a gnome
  a gnome zombie
  3 geckos
  2 jackals
  2 goblins
  2 sewer rats
  a grid bug
  4 lichens
  a kobold zombie
  3 newts
47 creatures vanquished.

No species were genocided or became extinct.

Game over:
                       ----------
                      /          \
                     /    REST    \
                    /      IN      \
                   /     PEACE      \
                  /                  \
                  |    IanCurtis     |
                  |      320 Au      |
                  | killed by a hill |
                  |       orc        |
                  |                  |
                  |                  |
                  |       2026       |
                 *|     *  *  *      | *
        _________)/\\_//(\/(/\)/\//\/|_)_______

Goodbye IanCurtis the Wizard...

You died in The Dungeons of Doom on dungeon level 5 with 2014 points,
and 320 pieces of gold, after 3396 moves.
You were level 6 with a maximum of 39 hit points when you died.

